cohdb
Replays
Latest Replays
All Replays
Popular Replays
Top Player Replays
Match Explorer
How It Works
Community
CoH3 Stats
Reddit
Sign in to upload your games and track your stats! →
Sign in with Steam
Match 45908338
Unlisted
Match 45908338
Overview
Messages
Build Orders
End
Panzergrenadier Squad
Panzerpioneer Squad
250 Light Carrier
Construct Light Support Kompanie
Combat Half-tracks
Selects Armored Support Battlegroup
Selects Superior Fire Drills
MG34 Team
Assault Grenadier Squad
Assault Mechanized Group
Fire Support Elements
Vehicle Survival Package
Construct Panzerarmee Kommand
Pak 38 Anti-tank Gun Team
Pak 38 Mechanized Group
Panzer III L Medium Tank
Pak 38 Anti-tank Gun Team
Flak 36 Anti-tank Gun Team
Panzer III L Medium Tank
severedhand
Mael Radec
0
0
Comments
sign in to comment!
No comments posted yet!